 Dungeon Crawl Stone Soup version 0.25-a0-1133-g93ebf739aa (webtiles) character file.

Game seed: 13010076724544667150, levelgen mode: deterministic

69 MisterFreud the Skirmisher (level 4, 0/33 HPs)
             Began as an Octopode Gladiator on May 20, 2020.
             Slain by a bullfrog (9 damage)
             ... on level 2 of the Dungeon.
             The game lasted 00:01:21 (1697 turns).

MisterFreud the Skirmisher (Octopode Gladiator)     Turns: 1697, Time: 00:01:22

Health: 0/33       AC:  1    Str: 13    XL:     4   Next: 20%
Magic:  4/4        EV: 14    Int: 11    God:
Gold:   108        SH:  0    Dex: 13    Spells: 3/3 levels left

rFire    . . .     SeeInvis .   a - +0 long sword
rCold    + . .     Gourm    .   (no shield)
rNeg     . . .     Faith    .   b - +0 hat
rPois    .         Spirit   .   (no amulet)
rElec    .         Reflect  .   e - ring of protection from cold
rCorr    .         Harm     .   (no ring)
MR       .....                  (no ring)
Stlth    ++........             (no ring)
HPRegen  0.11/turn              (no ring)
MPRegen  0.09/turn              (no ring)
                                (no ring)
                                (no ring)

@: no status effects
A: almost no armour, stealthy swim, amphibious, 8 rings, constrict 8, camouflage
1, gelatinous body 1
a: no special abilities


You were on level 2 of the Dungeon.
You were not hungry.

You visited 1 branch of the dungeon, and saw 2 of its levels.

You collected 108 gold pieces.

Inventory:

Hand Weapons
 a - a +0 long sword (weapon)
Missiles
 c - 3 throwing nets (quivered)
Armour
 b - a +0 hat (worn)
Jewellery
 e - a ring of protection from cold (left tentacle)
Scrolls
 f - a scroll of amnesia {unknown}
 g - a scroll of immolation {unknown}
 i - 2 scrolls of identify {unknown}
 k - a scroll of random uselessness {unknown}
 m - a scroll of fog {unknown}
 p - 2 scrolls of blinking {unknown}
 q - a scroll of remove curse {unknown}
Potions
 h - a potion of lignification {unknown}
 j - a potion of degeneration {unknown}
 l - 2 potions of heal wounds {unknown}
 n - a potion of curing {unknown}
 o - a potion of flight {unknown}
Comestibles
 d - 2 rations


   Skills:
 - Level 4.0 Fighting
 + Level 3.4 Long Blades
 - Level 2.0 Throwing
 - Level 3.0 Dodging


You had 3 spell levels left.
You didn't know any spells.
Your spell library was empty.

Dungeon Overview and Level Annotations

Branches:
Dungeon (2/15)

Altars:


Innate Abilities, Weirdness & Mutations

You cannot wear most types of armour.
You are very stealthy in the water. (Stealth+)
You are amphibious.
You can wear up to eight rings at the same time.
You can use your tentacles to constrict eight enemies at once.
Your skin changes colour to match your surroundings (Stealth+).
Your rubbery body absorbs attacks. (AC +1, EV +1)


Message History

You hit the bullfrog but do no damage. Your grab misses the bullfrog.
The bullfrog is lightly wounded.
The bullfrog completely misses you.
You hit the bullfrog. Your grab misses the bullfrog.
Your squeeze misses the bullfrog.
The bullfrog is lightly wounded.
The bullfrog hits you but does no damage.
The bullfrog hits you.
You barely miss the bullfrog. Your grab misses the bullfrog.
The bullfrog is lightly wounded.
The bullfrog hits you! The bullfrog hits you.
You slash the bullfrog! You grab the bullfrog.
The bullfrog is heavily wounded.
You constrict the bullfrog. The bullfrog hits you.
You hit the bullfrog.
The bullfrog is severely wounded.
You constrict the bullfrog. The bullfrog hits you!
* * * LOW HITPOINT WARNING * * *
The bullfrog hits you!
You die...

# # . # #! ##. # #.
#.. ###..#.# ..#
.#.## #.# ... #>#
#<#
#.####.############
#.##............@F#
...#.#.###.$#####.#
...#.#.###..# .#
............# ..
............# ...
............# ....
...##..[.#... ..##.
...#.....##(# #.#
## ####...#.##.#


You could see a bullfrog.

Vanquished Creatures
  An adder (D:2)
  An ooze (D:2)
  3 worms (D:2)
  A dart slug (D:1)
  4 leopard geckos
  A giant cockroach (D:1)
  2 goblins
  3 hobgoblins
  A ball python (D:1)
  4 bats
  4 frilled lizards
  12 kobolds
  4 rats
41 creatures vanquished.

Notes
Turn   | Place    | Note
-------+----------+-------------------------------------------
     0 | D:1      | MisterFreud the Octopode Gladiator began the quest for the
                  | Orb.
     0 | D:1      | Reached XP level 1. HP: 14/14 MP: 1/1
   231 | D:1      | Reached XP level 2. HP: 18/20 MP: 2/2
   580 | D:1      | Reached skill level 3 in Fighting
   870 | D:1      | Reached XP level 3. HP: 26/26 MP: 3/3
  1340 | D:2      | Reached skill level 4 in Fighting
  1466 | D:2      | Reached XP level 4. HP: 32/33 MP: 4/4
  1685 | D:2      | Noticed a bullfrog
  1697 | D:2      | Slain by a bullfrog

Illustrated notes

Levels and vault maps discovered:
D:1:      saegor_arrival_simple_e, layout_basic, minmay_pentomino_s2
D:2:      layout_loops_cross, st_stairs_4

Skill      XL: |  1  2  3 |
---------------+----------+-----
Fighting       | 3 4 |  4.0
Long Blades    | |  3.4
Throwing       | |  2.0
Dodging        | |  3.0

Action                   |  1- 3 |  4- 6 || total
-------------------------+-------+-------++-------
Melee: Long sword        |    51 |    15 ||    66
       Tentacles         |    13 |     2 ||    15
       Constrict         |    13 |     3 ||    16
 Stab: Sleeping          |     8 |     3 ||    11
  Eat: Chunk             |     2 |       ||     2
Armor: Skin              |       |     1 ||     1
Dodge: Dodged            |    42 |     8 ||    50
       Rpst.: Long sword |     9 |     1 ||    10

Table legend:
 A = Non-vault XP
 B = Vault XP
 C = Vault XP percentage of total XP
 D = Non-vault monster count
 E = Vault monster count
 F = Vault count percentage of total count
                 A         B        C        D         E       F
            +---------+---------+-------+---------+---------+-------
      Total |      80 |      19 |  19.2 |      37 |       4 |   9.8
            +---------+---------+-------+---------+---------+-------
        D:1 |      38 |       4 |   9.5 |      21 |       2 |   8.7
        D:2 |      42 |      15 |  26.3 |      16 |       2 |  11.1
            +---------+---------+-------+---------+---------+-------
